← All builds
Air / Legion / Economy first / OBSERVED BUILD

Standard air

Legion Air build order · Supreme Isthmus

Legion air player opens with Drone Plant and builds up economy with an Advanced Metal Extractor around 7 minutes, mostly holding off aircraft production early while supporting the team with transports and later Noctua bombers or other…

Usually no aircraft (83%)

#eco #air #team support · 52 distinct matches · 31 players · 78% of Legion Air games · team won 61% of 59 · Recently observed

HOW TO PLAY IT

Key timing: Legion Drone Plant by 1:21

  1. Take mex and wind while queuing the drone plant early.
  2. Get the drone plant up before 1:33 to start the economy base.
  3. Add an advanced mex to keep scaling economy for the team.
  4. Bring a fusion reactor online to support later tech.
  5. Supply allies with Noctua, Aeolus and Hippotes while building Noctua bombers.

Phase by phase

TYPICAL OF ITS 52 GAMES
  1. 1
  2. 2
  3. 3
PLAY THE OPENING

Follow the example game's first 6:00 step by step: what to build now, what comes next, and where it goes. At 1× it keeps pace with your own game.

  1. 1

    Up to the Legion Drone Plant

    Economy
    • Metal Extractor3Mex
    • Wind Turbine4Wind
    Order
    1. Legion Drone PlantLegion Drone Plant after 3 mex, 4 winddone ~1:24, middle half 1:16–1:35

    Some games also: energy storage (32%)

    By 1:03 in all: 3 mex · 4 wind

    The example game in this phase · 3 steps
    1. Mex ×3
    2. Wind ×4
    3. Legion Drone PlantLegion Drone Plantdone 1:21 · typical 1:24
  2. 2

    Legion Drone Plant to 5:00

    Economy
    • Metal Extractor1Mex
    • Wind Turbine11Wind
    • Wind Turbine3Wind
    • Energy Storage1Energy storage
    Builders
    • Construction Turret2 Con turret
    • Legion Construction Aircraft1 Legion Construction Aircraft
    Army
    • Noctua11 Noctua
    • Noctua2 Noctua for allies
    • Aeolus2 Aeolus for allies
    • Hippotes1 Hippotes for allies

    Some games also: converter (36%) · mex (32%) · con turret (31%)

    By 5:00 in all: 3 mex · 1 mex · 15 wind · 3 wind · 1 energy storage · 2 con turret

    The example game in this phase · 18 steps
    1. NoctuaNoctua
    2. Wind ×3
    3. AeolusAeolusfor Geo sea
    4. Wind ×3
    5. NoctuaNoctuafor Geo sea
    6. Wind ×4
    7. NoctuaNoctuafor Beach sea
    8. HippotesHippotesfor Beach sea
    9. NoctuaNoctua ×3
    10. Wind ×3
    11. NoctuaNoctua
    12. Mex
    13. Wind
    14. NoctuaNoctua ×4
    15. Con turret
    16. NoctuaNoctua
    17. AeolusAeolusfor Tech
    18. NoctuaNoctua ×2
  3. 3

    5:00 to 10:00

    Economy
    • Wind Turbine18Wind
    • Wind Turbine2Wind
    • Energy Converter7Converter
    Order
    1. Legion Drone PlantEat Legion Drone Plant in 75% of games
    Builders
    • Construction Turret3 Con turret
    Army
    • Noctua21 Noctua

    Some games also: Legion Drone Plant (47%) · fusion (41%) · aeolus (36%) · mosquito (34%) · Legion Construction Aircraft (34%)

    By 10:00 in all: 3 mex · 1 mex · 24 wind · 20 wind · 8 converter · 1 energy storage

    The example game in this phase · 176 steps
    1. Con turret
    2. Wind ×2
    3. NoctuaNoctua
    4. Wind
    5. Energy storage
    6. Wind
    7. NoctuaNoctua
    8. Wind ×3
    9. NoctuaNoctua
    10. Wind
    11. Converter
    12. Wind ×2
    13. NoctuaNoctua
    14. Converter
    15. Wind ×2
    16. Advanced Metal ExtractorT2 mexdone 7:17 · typical 7:03
    17. Wind
    18. Converter
    19. Wind
    20. NoctuaNoctua
    21. Wind ×2
    22. Converter
    23. Wind
    24. NoctuaNoctua
    25. Wind
    26. Converter
    27. Wind ×2
    28. Converter
    29. Wind ×3
    30. Con turret
    31. NoctuaNoctua ×3
    32. Advanced Metal ExtractorT2 mex
    33. NoctuaNoctua
    34. Con turret
    35. Advanced Metal ExtractorT2 mex
    36. Wind ×2
    37. NoctuaNoctua
    38. Wind
    39. NoctuaNoctua
    40. Wind ×2
    41. NoctuaNoctua
    42. Wind
    43. NoctuaNoctua
    44. Advanced Metal ExtractorT2 mex
    45. NoctuaNoctua
    46. Wind
    47. AeolusAeolusfor Beach sea
    48. Wind
    49. NoctuaNoctua
    50. Wind ×3
    51. NoctuaNoctua
    52. Wind ×3
    53. NoctuaNoctua ×3
    54. Con turret
    55. NoctuaNoctua
    56. Wind
    57. Fusion ReactorFusiondone 11:16 · typical 10:29
    58. NoctuaNoctua
    59. Wind ×2
    60. NoctuaNoctua
    61. Wind ×2
    62. NoctuaNoctua ×8
    63. Converter
    64. NoctuaNoctua
    65. Wind
    66. NoctuaNoctua ×2
    67. Converter
    68. NoctuaNoctua ×4
    69. Converter
    70. NoctuaNoctua ×2
    71. Wind
    72. NoctuaNoctua
    73. Wind
    74. Converter
    75. Wind
    76. NoctuaNoctua
    77. Converter
    78. NoctuaNoctua
    79. Wind
    80. Converter
    81. Fusion ReactorFusion
    82. Wind ×2
    83. NoctuaNoctua
    84. Wind
    85. Converter
    86. Wind
    87. Converter
    88. Wind
    89. NoctuaNoctua
    90. Con turret
    91. NoctuaNoctua
    92. Converter ×2
    93. NoctuaNoctua
    94. Converter
    95. Con turret
    96. Converter
    97. Con turret
    98. Converter ×2
    99. Con turret
    100. NoctuaNoctua
    101. Con turret
    102. Converter
    103. NoctuaNoctua ×2
    104. Converter
    105. NoctuaNoctua ×2
    106. Wind
    107. NoctuaNoctua
    108. Legion Construction AircraftLegion Construction Aircraft
    109. Converter
    110. Wind
    111. Legion Construction AircraftLegion Construction Aircraft
    112. Wind ×2
    113. Legion Construction AircraftLegion Construction Aircraft
    114. Converter
    115. Wind
    116. NoctuaNoctua
    117. Wind ×2
    118. Legion Construction AircraftLegion Construction Aircraft
    119. Wind ×2
    120. Legion Construction AircraftLegion Construction Aircraft
    121. Wind
    122. Converter
    123. Legion Construction AircraftLegion Construction Aircraft
    124. NoctuaNoctua ×3
    125. Wind
    126. Converter
    127. NoctuaNoctua ×2
    128. Converter
    129. NoctuaNoctua
    130. Wind
    131. NoctuaNoctua
    132. Con turret
    133. Converter
    134. Con turret
    135. NoctuaNoctua
    136. Con turret
    137. Wind
    138. Con turret
    139. Converter
    140. Con turret ×3
    141. NoctuaNoctua
    142. Con turret ×3
    143. Legion Drone PlantLegion Drone Plantdone 14:07
    144. NoctuaNoctua
    145. Wind
    146. Converter
    147. NoctuaNoctua ×2
    148. Wind
    149. NoctuaNoctua ×4
    150. Converter
    151. NoctuaNoctua ×3
    152. Wind
    153. NoctuaNoctua ×3
    154. Wind
    155. NoctuaNoctua ×3
    156. Converter
    157. NoctuaNoctua ×4
    158. Wind
    159. NoctuaNoctua ×7
    160. Converter
    161. NoctuaNoctua ×3
    162. Wind
    163. NoctuaNoctua ×10
    164. Wind
    165. NoctuaNoctua ×2
    166. Converter
    167. NoctuaNoctua ×5
    168. Wind
    169. NoctuaNoctua ×4
    170. Fusion ReactorFusion
    171. NoctuaNoctua
    172. Wind
    173. Converter
    174. NoctuaNoctua ×3
    175. Wind
    176. NoctuaNoctua

Counts are medians over the build's games: half of them build more, half fewer. The example game is Hunfore's (33 OS, 10/10/2026); pick another.

Team trades

IN AT LEAST 30% OF ITS GAMES

You hand over

  • Noctua2 Noctua to Geo or Geo sea or Beach seafirst at 1:50 · in 92% of games
  • Aeolus3 Aeolus to Tech or Geo sea or Beach seafirst at 2:18 · in 100% of games
  • Hippotes1 Hippotes to Beach seafirst at 2:33 · in 61% of games

You get

  • Wind Turbine3 Wind from Beach sea or Geo seafirst at 1:28 · in 39% of games
  • Wind Turbine2 Wind from Geo sea or Beach seafirst at 1:31 · in 41% of games
  • Construction Bot1 Con bot from Techfirst at 2:24 · in 76% of games
  • Advanced Construction Bot1 T2 con bot from Techfirst at 6:03 · in 85% of games

How it plays out

Typical game of this build, running totals by minute

Metal produced

010k20k30k
0:005:0010:0015:00

metal

Enemy metal destroyed

01k2k3k
0:005:0010:0015:00

metal

Own metal lost

01k2k3k
0:005:0010:0015:00

metal

59 games.

Show as table
ByMetal produced: This buildEnemy metal destroyed: This buildOwn metal lost: This build
1:0039100
2:0091500
3:00145000
4:0020234040
5:0027096080
6:003519145120
7:004740212150
8:006308255200
9:008574360206
10:0011072433360
11:0013546609411
12:0016288721720
13:00189829011300
14:002236313291575
15:002559821702023
WHAT THE NUMBERS SAY

This Legion air baseline wins half its games, with far lower losses and kills than the front-facing roles by 15:00.

  • + Lowest own metal lost among air builds shown, 1850 by 15:00.
  • − Enemy metal destroyed stays low at 2055 by 15:00, little offensive impact.
THE EXAMPLE YOU ARE READING

Hunfore

32.9 OS · 10/10/2026

Open source match ↗

7 received units · includes a constructor
48 metal received · 61475 energy received

Allied construction assistance is unknown. Timings are observations, not a promise of solo reproducibility.

Typical milestones

Legion Drone Plant1:24Middle 50%: 1:16–1:35 · n=59
Advanced Metal Extractor7:03Middle 50%: 6:25–7:36 · n=51
Fusion Reactor10:29Middle 50%: 9:47–11:41 · n=33

Played most by

Hunfore6games of this buildBoozha5games of this buildTheGeneraI5games of this buildXuunnY5games of this buildAlexspeed3games of this build